 Dungeon Crawl Stone Soup version 0.29.1-15-g9cfb28693d (webtiles) character file.

Game seed: 543632404153234115

2645 jifgo the Covert (level 9, 0/47 HPs)
             Began as a Vine Stalker Brigand on Oct 5, 2023.
             Was a Follower of Uskayaw.
             Killed by nerve-wracking pain
             ... invoked by an orc priest
              (10 damage)
             ... on level 7 of the Dungeon.
             The game lasted 00:27:57 (6754 turns).

jifgo the Covert (Vine Stalker Brigand)             Turns: 6754, Time: 00:27:58

Health: 0/47       AC:  7    Str: 14    XL:     9   Next: 62%
Magic:  0/10       EV: 14    Int: 17    God:    Uskayaw [*.....]
Gold:   363        SH:  6    Dex: 26    Spells: 8/8 levels left

rFire   . . .      SeeInvis .   e - +2 dagger (freeze)
rCold   . . .      Faith    +   B - +0 buckler
rNeg    . . .      Spirit   +   p - +0 leather armour
rPois   .          Reflect  .   k - +0 helmet
rElec   .          Harm     .   c - +0 cloak
rCorr   .          Rampage  .   x - +1 pair of gloves {hurl}
Will    +....                   (no boots)
Stlth   +++++.....              i - amulet of faith
HPRegen 0.95/turn               s - +6 ring of intelligence
MPRegen 0.12/turn               C - +6 ring of dexterity

@: lethally poisoned (0 -> -2)
A: fangs 3, regeneration 1, magic shield, antimagic bite, no potion heal 2
a: Renounce Religion, Stomp


You were on level 7 of the Dungeon.
You worshipped Uskayaw.
Uskayaw was noncommittal.
You visited 2 branches of the dungeon, and saw 9 of its levels.

You collected 363 gold pieces.

Inventory:

Hand Weapons
 e - a +2 dagger of freezing (weapon)
 A - a +2 vampiric dagger
Missiles
 a - a curare-tipped dart
 d - 12 poisoned darts (quivered)
Armour
 c - a +0 cloak (worn)
 k - a +0 helmet (worn)
 p - a +0 leather armour (worn)
 x - a +1 pair of gloves of hurling (worn)
 B - a +0 buckler (worn)
Jewellery
 i - an amulet of faith (around neck)
 s - a +6 ring of intelligence (left hand)
 C - a +6 ring of dexterity (right hand)
 D - an amulet of the acrobat
 E - a ring of fire
Wands
 f - a wand of polymorph (5)
 u - a wand of light (7)
 F - a wand of flame (13)
Scrolls
 h - 7 scrolls of poison {unknown}
 l - 2 scrolls of blinking {unknown}
 m - a scroll of amnesia
 n - 2 scrolls of magic mapping
 o - a scroll of enchant weapon {unknown}
 q - 3 scrolls of enchant armour
 v - a scroll of torment {unknown}
 y - 3 scrolls of teleportation
Potions
 b - 2 potions of curing {unknown}
 g - 2 potions of flight
 j - 3 potions of brilliance {unknown}
 r - a potion of attraction
 t - 2 potions of degeneration {unknown}
 w - a potion of cancellation
 z - a potion of haste


   Skills:
 + Level 5.3 Fighting
 + Level 5.4 Short Blades
 - Level 5.0 Throwing
 + Level 3.9 Dodging
 + Level 8.8 Stealth
 + Level 1.8 Shields
 + Level 0.4 Invocations
 + Level 3.1 Evocations


You had 8 spell levels left.
You didn't know any spells.
Your spell library contained the following spells:

 Spells                   Type           Power      Damage    Failure   Level
 Beastly Appendage        Tmut           0%         N/A       36%         1
 Wereblood                Tmut           0%         N/A       52%         2
 Gell's Gravitas          Tloc           0%         N/A       75%         3
 Lesser Beckoning         Tloc           0%         N/A       75%         3
 Spider Form              Tmut/Pois      0%         N/A       75%         3
 Teleport Other           Tloc           0%         N/A       75%         3
 Summon Lightning Spire   Summ/Air       0%         N/A       98%         4
 Malign Gateway           Summ/Tloc      0%         N/A       100%        7
 Storm Form               Tmut/Air       0%         N/A       100%        7
 Maxwell's Capacitive Co  Air            0%         ∞         100%        8
 Summon Horrible Things   Summ           0%         N/A       100%        8


Dungeon Overview and Level Annotations

Branches:
Dungeon (8/15)             Temple (1/1) D:7
   Lair: D:8-11

Altars:
Ashenzari
Cheibriados
Dithmenos
Elyvilon
Fedhas
Hepliaklqana
Kikubaaqudgha
Makhleb
Nemelex Xobeh
Qazlal
Trog
Uskayaw
Wu Jian
Xom
Yredelemnul
Zin


Innate Abilities, Weirdness & Mutations

You have razor-sharp teeth.
Your natural rate of healing is unusually fast.
When hurt, damage is shared between your health and your magic reserves.
Your bite disrupts and absorbs the magic of your enemies.
Potions cannot restore your health.


Message History

The killer bee closely misses you. The orc priest completely misses you.
The killer bee stings you.
You are poisoned.
The killer bee poisons you! The killer bee closely misses you.
Unknown command.
You closely miss the orc priest.
You feel very sick. The killer bee misses you.
You block the killer bee's attack.
You hit the orc priest but do no damage.
You bite the orc priest, but do no damage.
You feel sick. The killer bee stings you!
You are more poisoned.
The killer bee poisons you! The killer bee barely misses you.
The orc priest hits you with a +0 mace of protection.
The killer bee misses you. You block the killer bee's attack.
You hit the orc priest. You freeze the orc priest.
Your bite misses the orc priest.
The orc priest is moderately wounded.
You feel very sick. The killer bee stings you.
The killer bee completely misses you.
The orc priest mumbles some strange prayers to Beogh against you.
Beogh smites you! You block the killer bee's attack.
The killer bee stings you but does no damage.
Unknown command.
You hit the orc priest but do no damage.
Your bite misses the orc priest.
The orc priest is moderately wounded.
You feel sick. You block the killer bee's attack. x2
The orc priest misses you.
Unknown command.
You hit the orc priest. You freeze the orc priest. You bite the orc priest.
You drain its power.
You feel invigorated.
The orc priest is severely wounded.
You feel sick. The killer bee closely misses you.
You block the killer bee's attack. The killer bee closely misses you.
The killer bee stings you.
* * * LOW HITPOINT WARNING * * *
The orc priest calls down the wrath of Beogh upon you.
Pain shoots through your body!
You die...

....##...#..........#......## ##
....##.##...................## #.
........#....................###.
#...........................###..
.........................#..####.
..#..........................#.#.
..###............................
..#............#yo.†.............
.........)[...##@y...............
#.............##†#...............
.............#######.....#.......
..#......<..### ##.....#.......
.##...........# ###..........<...
###.>†........###.##..<..........
#.#......#.##.....†##............
...>)....####..........##.##....#
......................######.....


You could see 2 killer bees and an orc priest.

Vanquished Creatures
  A yak (D:7)
  A vampire mosquito (D:6)
  An acid dragon (D:7)
  3 water moccasins
  A black bear (D:6)
  2 centaurs
  4 ogres
  3 bullfrogs
  2 necrophages (D:6)
  2 scorpions
  4 wights (D:6)
  2 killer bees (D:7)
  A howler monkey (D:7)
  4 hounds
  4 jellies
  An orc priest (D:7)
  A gnoll bouda (D:6)
  3 iguanas
  An orc wizard (D:8)
  8 adders
  4 white imps
  An ufetubus (D:5)
  A dart slug (D:3)
  20 orcs
  7 ball pythons
  4 bats
  6 endoplasms
  A giant cockroach (D:1)
  8 goblins
  6 hobgoblins
  4 jackals (D:1)
  3 quokkas
  6 frilled lizards
  5 kobolds
  8 rats
133 creatures vanquished.

Vanquished Creatures (others)
  A human (D:5)
1 creature vanquished.

Grand Total: 134 creatures vanquished

Notes
Turn   | Place    | Note
-------+----------+-------------------------------------------
     0 | D:1      | jifgo the Vine Stalker Brigand began the quest for the Orb.
     0 | D:1      | Reached XP level 1. HP: 11/11 MP: 2/2
   135 | D:1      | Reached skill level 5 in Stealth
   272 | D:1      | Reached XP level 2. HP: 15/15 MP: 3/3
   847 | D:1      | Reached XP level 3. HP: 18/18 MP: 4/4
  1661 | D:3      | Found a faded altar of an unknown god.
  1668 | D:3      | Gained mutation: Your natural rate of healing is unusually
                  | fast. [Vine Stalker growth]
  1668 | D:3      | Reached XP level 4. HP: 23/23 MP: 5/5
  1763 | D:3      | Identified the +7 short sword "Gopteur" {drain, +Blink
                  | Str+3}
  2200 | D:3      | Noticed an ogre
  2211 | D:3      | Killed an ogre
  2212 | D:3      | Reached XP level 5. HP: 16/28 MP: 6/6
  2369 | D:3      | Found a glowing silver altar of Zin.
  3506 | D:4      | Reached skill level 6 in Stealth
  3703 | D:5      | Entered Level 5 of the Dungeon
  3754 | D:5      | Reached XP level 6. HP: 32/32 MP: 7/7
  3880 | D:5      | Reached skill level 1 in Dodging
  3935 | D:5      | Found an ancient bone altar of Kikubaaqudgha.
  3935 | D:5      | Noticed a human
  3939 | D:5      | Killed a human
  4032 | D:5      | Reached XP level 7. HP: 36/36 MP: 8/8
  4670 | D:6      | Reached skill level 7 in Stealth
  4906 | D:6      | Gained mutation: You have razor-sharp teeth. [Vine Stalker
                  | growth]
  4906 | D:6      | Reached XP level 8. HP: 42/42 MP: 9/9
  5067 | D:6      | Reached skill level 1 in Evocations
  5691 | D:6      | Reached skill level 8 in Stealth
  5741 | D:6      | Reached XP level 9. HP: 40/46 MP: 4/10
  5762 | D:6      | Reached skill level 5 in Short Blades
  5891 | D:7      | Found a snail-covered altar of Cheibriados.
  6027 | D:7      | Found a shadowy altar of Dithmenos.
  6064 | D:7      | Reached skill level 5 in Fighting
  6112 | D:7      | Reached skill level 5 in Throwing
  6112 | D:7      | Reached skill level 1 in Shields
  6142 | D:7      | Found a staircase to the Ecumenical Temple.
  6152 | Temple   | Entered the Ecumenical Temple
  6159 | Temple   | Became a worshipper of Uskayaw the Reveller
  6222 | D:7      | Reached * piety under Uskayaw
  6306 | D:7      | Reached ** piety under Uskayaw
  6334 | D:7      | Reached *** piety under Uskayaw
  6342 | D:7      | Reached **** piety under Uskayaw
  6754 | D:7      | Killed from afar by an orc priest

Illustrated notes

Levels and vault maps discovered:
D:1:      dpeg_arrival_concentric_ovals, layout_loops_ring,
          minmay_misc_feat_hallway, patterned_corridor
D:2:      layout_rooms, minmay_misc_feat_room
D:3:      layout_basic, lemuel_tele_altar,
          hellmonk_ecumenical_altar_pennies_from_heaven
D:4:      layout_basic, interstate_on_off, kennysheep_minor_cross
D:5:      layout_rooms, tgw_kikubaaqudgha
D:6:      minmay_razor_zed, layout_basic
D:7:      layout_cave_pools, grunt_dithmenos_smoke,
          mainiacjoe_overflow_boulevard, minmay_temple_entry_tees
D:8:      layout_rooms, nicolae_overflow_hidden_temple, uniq_erica
Temple:   nicolae_temple_no_exploring_needed

Skill      XL: |  1  2  3  4  5  6  7  8  9 |
---------------+----------------------------+-----
Stealth        | 5 6 7 8 |  8.8
Fighting       | 2 3 4 5 |  5.3
Short Blades   | 2 3 4 5 |  5.4
Throwing       | 2 3 4 5 |  5.0
Dodging        | 1 2 3 |  3.9
Evocations     | 2 3 |  3.1
Shields        | 1 |  1.8
Invocations    | |  0.4

Action                   |  1- 3 |  4- 6 |  7- 9 || total
-------------------------+-------+-------+-------++-------
Melee: Dagger            |    72 |    20 |   261 ||   353
       Bite              |    20 |    27 |    81 ||   128
       Short sword       |     7 |    70 |       ||    77
       Punch             |       |     2 |       ||     2
       Unarmed           |       |       |     5 ||     5
Throw: Dart              |     7 |     7 |    11 ||    25
       Throwing net      |       |     1 |       ||     1
Evoke: Wand              |       |       |     3 ||     3
  Use: Scroll            |       |       |    10 ||    10
 Stab: Sleeping          |    15 |    15 |    12 ||    42
       Confused          |       |       |     1 ||     1
       Paralysed         |       |       |     2 ||     2
       Distracted        |       |       |     1 ||     1
Armor: Robe              |    21 |       |       ||    21
       Leather armour    |     1 |    14 |    39 ||    54
       Skin              |       |       |     9 ||     9
Dodge: Dodged            |    35 |    48 |   140 ||   223
Block: Buckler           |       |     2 |    58 ||    60
